 Dungeon Crawl Stone Soup version 0.21.1-1-g345015f (webtiles) character file.

209723 rlgrobin the Unseen (level 18, -7/100 HPs)
             Began as a Spriggan Artificer on Mar 22, 2018.
             Was the Champion of Nemelex Xobeh.
             Shot with a bolt by a naga sharpshooter (37 damage)
             ... on level 4 of the Snake Pit on Mar 25, 2018.
             The game lasted 07:19:59 (38356 turns).

rlgrobin the Unseen (Spriggan Artificer)           Turns: 38356, Time: 07:19:59

Health: -7/100     AC:  5    Str: 15    XL:     18   Next: 16%
Magic:  35/38      EV: 32    Int: 13    God:    Nemelex Xobeh [******]
Gold:   954        SH: 14    Dex: 24    Spells: 19/25 levels left

rFire    + . .     SeeInvis +   b - +4 demon blade (elec)
rCold    . . .     Gourm    .   t - +0 buckler of Chill Winds {rF+ rN+ Int-2 Slay+5}
rNeg     + . .     Faith    .   H - +3 troll leather armour
rPois    .         Spirit   .   I - +2 hat
rElec    .         Reflect  +   R - +2 cloak of the Thief {+Fog Slay-2 SInv Stlth+}
rCorr    .         Harm     .   (gloves unavailable)
MR       +++..                  (boots unavailable)
Stlth    ++++++++..             L - +5 amulet of reflection
HPRegen  0.66/turn              P - ring of poison resistance
MPRegen  0.26/turn              g - ring "Siolodgha" {*Corrode +Inv MP+9 Str+5, !a}

@: lethally poisoned (-7 -> -7), poison vulnerable, corroded, very quick
A: very small, unfitting armour, horns 1, see invisible, agile 1, clever 1,
herbivore, speed 3, slow metabolism 2, MP-powered wands
}: 1/15 runes: decaying
a: Triple Draw, Deal Four, Stack Five, Renounce Religion, Evoke Fog, Evoke
Invisibility


You were on level 4 of the Snake Pit.
You worshipped Nemelex Xobeh.
Nemelex Xobeh was exalted by your worship.
You were not hungry.

You visited 5 branches of the dungeon, and saw 30 of its levels.
You also visited: Ossuary and Volcano.

You collected 2029 gold pieces.
You spent 1075 gold pieces at shops.


Innate Abilities, Weirdness & Mutations

You are very small and have problems with some larger weapons.
You are too small for most types of armour.
You have supernaturally acute eyesight. (SInv)
You are a herbivore.
You cover ground extremely quickly.
You need consume almost no food.
You have a pair of small horns on your head.
You are agile. (Dex +2)
Your mind is acute. (Int +2)
You expend magic power (3 MP) to strengthen your wands.


   Skills:
 - Level 13.0 Fighting
 - Level 13.0 Short Blades
 - Level 7.0 Slings
 - Level 6.0 Armour
 - Level 13.4 Dodging
 - Level 18.8 Stealth
 - Level 7.9 Shields
 + Level 4.2 Spellcasting
 + Level 4.2 Hexes
 - Level 10.0 Invocations
 - Level 13.3 Evocations


You had 19 spell levels left.
You knew the following spells:

 Your Spells              Type           Power        Failure   Level  Hunger
x - Tukima's Dance        Hex            ##......     13%         3    ###....
z - Confuse               Hex            ##......     13%         3    ###....

Inventory:

Hand Weapons
 b - a +4 demon blade of electrocution (weapon)
 n - a +1 fustibalus of flaming
 y - a +0 blowgun
 E - a +2 dagger of venom
Missiles
 h - 6 curare-tipped needles {=f}
 s - a sling bullet
 W - 54 poisoned needles
Armour
 t - the +0 buckler of Chill Winds (worn) {rF+ rN+ Int-2 Slay+5}

   It affects your intelligence (-2).
   It affects your accuracy and damage with ranged weapons and melee attacks
   (+5).
   It protects you from fire.
   It protects you from negative energy.
 C - a scarf of resistance
 H - a +3 troll leather armour (worn)
 I - a +2 hat (worn)
 R - the +2 cloak of the Thief (worn) {+Fog Slay-2 SInv Stlth+}

   It affects your accuracy and damage with ranged weapons and melee attacks
   (-2).
   It lets you see invisible.
   It makes you more stealthy.
Jewellery
 g - the ring "Siolodgha" (right hand) {*Corrode +Inv MP+9 Str+5, !a}

   [ring of magical power]

   It affects your strength (+5).
   It affects your magic capacity (+9).
   It lets you turn invisible.
   It may corrode you when you take damage.
 L - a +5 amulet of reflection (around neck)
 P - a ring of poison resistance (left hand)
 Y - a +3 ring of protection
Wands
 D - a wand of flame (10)
 M - a wand of paralysis (4)
 S - a wand of acid (8)
 V - a wand of clouds (3)
Scrolls
 e - 2 scrolls of summoning
 i - 13 scrolls of remove curse
 j - 2 scrolls of magic mapping
 k - 4 scrolls of fear
 o - 4 scrolls of blinking
 p - 10 scrolls of teleportation {@r4}
 J - a scroll of enchant armour
 T - a scroll of fog {unknown}
 X - a scroll of holy word {unknown}
Potions
 c - 5 potions of flight
 l - 7 potions of curing {@q1}
 r - 7 potions of heal wounds {@q2}
 u - 6 potions of agility
 v - 6 potions of resistance
 w - 3 potions of cancellation
 x - 3 potions of invisibility
 z - 10 potions of haste {@q3}
 A - a potion of might
 G - 2 potions of ambrosia
Books
 Z - the Reference Book on Entrancing Evil

   Spells                             Type                      Level
   a - Corona                         Hexes                        1
   b - Pain                           Necromancy                   1
   c - Corpse Rot                     Necromancy                   2
   d - Confuse                        Hexes                        3
   e - Tukima's Dance                 Hexes                        3
   f - Leda's Liquefaction            Hexes/Earth                  4
   g - Excruciating Wounds            Charms/Necromancy            5
Miscellaneous
 d - a legendary deck of escape {drawn: 6}
 m - a legendary deck of escape {drawn: 2}
 q - a legendary deck of destruction
 F - an ornate deck of escape {drawn: 8}
 K - a legendary deck of escape
 N - a legendary deck of destruction {drawn: 3}
 O - a legendary deck of escape
 Q - an ornate deck of destruction
 U - a legendary deck of summoning
Comestibles
 f - 26 rations

Dungeon Overview and Level Annotations

Branches:
Dungeon (15/15)            Temple (1/1) D:5            Lair (6/6) D:10
  Swamp (4/4) Lair:3        Snake (4/4) Lair:2        Slime (0/5) Lair:5
    Orc (0/2) D:11         Vaults (0/5) D:13         Depths (0/5) D:15

Altars:
Ashenzari
Dithmenos
Elyvilon
Fedhas
Gozag
Hepliaklqana
Kikubaaqudgha
Makhleb
Nemelex Xobeh
Okawaru
Qazlal
Ru
Sif Muna
Trog
Uskayaw
Vehumet
Wu Jian
Xom
Yredelemnul
Zin
The Shining One
Jiyva

Shops:
D:11 [[%   Snake:2 }}=   Snake:4 *

Annotations:
D:2 Natasha
D:7 exclusion: orc warrior
D:13 exclusions: obsidian statue and orange crystal statue
Lair:5 1 runed door
Lair:6 exclusion: 4 oklob plants
Snake:2 Vashnia

.▒▒.[..▒▒...|....▒▒.##▒▒...▒▒....
.'.....▒▒...(....▒▒###▒▒#..▒▒....
.▒▒....▒▒....#NN#▒▒.######.▒▒....
.▒▒▒▒.▒▒▒▒▒▒▒#7##▒▒..)▒▒...▒▒....
..▒▒▒+▒▒▒▒▒▒▒####▒▒...▒▒.#.▒▒....
..▒▒.......))###.▒▒▒.▒▒▒▒▒▒▒▒...▒
..▒▒.........###.▒▒▒'▒▒▒▒▒▒▒....▒
..▒▒....)..)..#(.▒▒..............
▒▒▒▒..........(.i▒▒..............
▒▒▒▒.....▒▒))(.((▒▒..............
..▒▒.....▒▒......▒▒..............
..▒▒.....▒▒......)†..............
..▒▒.....▒▒......▒▒÷........)....
..▒▒▒▒▒▒▒▒▒...)..▒▒....▒.......▒▒
...▒▒▒▒▒▒▒▒......▒▒...▒▒.......▒▒
...▒▒.....)......▒▒...▒▒.........
...▒▒............'....▒▒.........


You could see 2 naga sharpshooters and a friendly executioner's axe of
electrocution.


Message History

You carve the naga mage like a ham!
The naga mage is heavily wounded!
The naga mage is engulfed in freezing vapours!
You block the naga mage's attack! The naga mage completely misses you!
You chop the naga mage but do no damage!
Lightning courses through the naga mage!!!
You annihilate the naga mage!!!
You feel sick!
Your executioner's axe of electrocution is engulfed in freezing vapours!
The naga sharpshooter is engulfed in freezing vapours!
The naga sharpshooter mumbles some strange words!
The naga sharpshooter magically shoots a bolt!
You reflect the bolt off an invisible shield around you!!!
The naga sharpshooter is engulfed in freezing vapours!
The naga sharpshooter casts a spell!
The naga sharpshooter magically shoots a bolt!
The bolt hits you!!! * * * don't die
* * * You take 12 damage, and have 29/100 hp!
Your executioner's axe of electrocution is engulfed in freezing vapours!
The naga sharpshooter is engulfed in freezing vapours!
The naga sharpshooter casts a spell!
The naga sharpshooter magically shoots a bolt!
You reflect the bolt off an invisible shield around you!!!
The naga sharpshooter is engulfed in freezing vapours!
The naga sharpshooter gestures wildly while chanting!
The naga sharpshooter magically shoots a bolt!
The bolt hits you!!!!!!!!! rip Your body disappears without a glow!

Action                   |  1- 3 |  4- 6 |  7- 9 | 10-12 | 13-15 | 16-18 || total
-------------------------+-------+-------+-------+-------+-------+-------++-------
Melee: Short sword       |    84 |    80 |       |       |   279 |    28 ||   471
       Dagger            |       |    39 |    72 |   207 |   259 |    95 ||   672
       Falchion          |       |    96 |   131 |       |       |       ||   227
       Long sword        |       |       |    24 |   292 |   301 |       ||   617
       Rapier            |       |       |       |     9 |       |       ||     9
       Whip              |       |       |       |       |   209 |       ||   209
       Demon blade       |       |       |       |       |    35 |   262 ||   297
       Headbutt          |       |       |       |       |    15 |    93 ||   108
       Fustibalus        |       |       |       |       |     1 |       ||     1
 Fire: Hunting sling     |       |   123 |   151 |   110 |       |       ||   384
       Blowgun           |       |       |       |     7 |    26 |    51 ||    84
       Fustibalus        |       |       |       |    27 |   416 |   118 ||   561
Throw: Stone             |       |    40 |    54 |     9 |       |       ||   103
Invok: Triple Draw       |       |       |       |       |     2 |     1 ||     3
       Deal Four         |       |       |       |       |     3 |     1 ||     4
 Abil: Evoke Fog         |       |       |       |       |    14 |     8 ||    22
       Evoke Flight      |       |       |       |       |     3 |       ||     3
       Stop Flying       |       |       |       |       |     1 |       ||     1
Evoke: Wand              |    15 |    44 |    27 |    83 |    98 |    20 ||   287
       Deck              |       |       |    14 |    39 |    80 |    34 ||   167
       Sack of spiders   |       |       |       |       |     3 |     1 ||     4
  Use: Scroll            |       |     5 |     4 |     9 |    23 |     4 ||    45
       Potion            |       |     1 |       |       |    10 |     2 ||    13
 Stab: Sleeping          |     5 |     5 |    10 |    42 |    13 |    33 ||   108
       Confused          |     1 |       |       |     7 |       |       ||     8
       Paralysed         |       |     3 |     1 |     2 |     4 |       ||    10
       Distracted        |       |       |     2 |     2 |     9 |     7 ||    20
       Betrayed ally     |       |       |       |     1 |       |       ||     1
       Petrified         |       |       |       |       |     2 |     4 ||     6
  Eat: Ration            |       |     1 |     2 |     5 |    10 |     5 ||    23
Armor: Robe              |     6 |    11 |     6 |    16 |       |       ||    39
       Troll leather arm |       |       |       |    11 |   108 |    26 ||   145
Dodge: Dodged            |    70 |   196 |   162 |   418 |   930 |   235 ||  2011
Block: Buckler           |       |       |       |    57 |   446 |   235 ||   738
       Reflection        |       |       |       |       |     3 |    20 ||    23
       Rpst.: Falchion   |       |    27 |    34 |       |       |       ||    61
       Long sword        |       |       |     7 |    89 |    69 |       ||   165
       Demon blade       |       |       |       |       |    13 |    40 ||    53

Vault maps used:
D:1:      sevenhm_arrival_forest_fort_small_4, minmay_misc_feat_encased,
          minmay_three_crescents
D:2:      doesnt_xom_only_xom, first_ration, uniq_natasha
D:3:      uniq_ijyb, uniq_terence
D:4:      grunt_qazlal_clouds, lemuel_coloured_pillars_altar
D:5:      lemuel_zombie_altar_yredelemnul, nicolae_overflow_crystal_walls,
          temple_green, nicolae_ossuary_entry_monument
D:6:      nemelex_altar_shiori, nicolae_ru_path_of_blood, kennysheep_little_box,
          uniq_duvessa, uniq_grinder
D:7:      marbit_many_paths, grunt_dithmenos_shadows, slow_altar_2,
          evilmike_ruin_ashenzari
D:8:      basic_altar, dk_rats_in_the_wall, uniq_prince_ribbit1, uniq_maurice,
          uniq_joseph
D:10:     david_lair_shrubbed
D:11:     orc_0_dummy, serial_shops, nicolae_shop_stone, shop, kennysheep_mini,
          hangedman_little_slice_of_home
D:13:     minmay_separated_statues, david_vaults_4, moated_statue, uniq_erolcha
D:14:     minivault_1, minmay_radiant
D:15:     grunt_enter_depths_giant_problem, minivault_26,
          minmay_checkered_concentric_circles
Temple:   eino_temple_lava
Lair:1:   grunt_megastairs_3
Lair:2:   guppyfry_snake_entry_island, grunt_forest_stairs_clearing,
          infiniplex_staircase_pool, grunt_megastairs_4, uniq_sonja
Lair:3:   swamp_mist, enter_volcano_4, beast_lair_carwin_8,
          infiniplex_staircase_pool_2
Lair:4:   st_stairs_3, serial_bayou_shore_b
Lair:5:   slime_altar_2, nicolae_lair_grove_arrangements, lemuel_fruit_fields,
          serial_bayou_shore_b, uniq_josephine
Lair:6:   gammafunk_lair_ancient_temple, minivault_27, st_stairs_8,
          lemuel_old_faithful, minmay_lair_oklob_chamber, serial_bayou_shore_a
Swamp:1:  basic_altar
Swamp:2:  nicolae_swamp_dense_foliage
Swamp:3:  evilmike_swamp_ruin_house_3, uniq_mara
Swamp:4:  swamp_old_school
Snake:1:  serial_shops, shop
Snake:2:  lemuel_fruit_tree, minmay_shop_grove, uniq_vashnia, uniq_azrael,
          uniq_aizul
Snake:3:  basic_altar, spider_trap, hangedman_snake_corridor_cut
Snake:4:  snake_pit, serial_shops, shop
Ossuary:  ossuary_tomb_3
Volcano:  volcano_overflow

Notes
Turn   | Place    | Note
-------+----------+-------------------------------------------
     0 | D:1      | rlgrobin the Spriggan Artificer began the quest for the Orb.
     0 | D:1      | Reached XP level 1. HP: 9/9 MP: 4/4
   130 | D:1      | Reached skill level 2 in Stealth
   227 | D:1      | Reached XP level 2. HP: 13/14 MP: 6/6
   301 | D:1      | Reached skill level 3 in Stealth
   321 | D:1      | Reached skill level 4 in Dodging
   334 | D:1      | Reached XP level 3. HP: 17/17 MP: 7/7
   635 | D:2      | Reached skill level 4 in Stealth
  1541 | D:2      | Reached skill level 5 in Dodging
  1541 | D:2      | Reached XP level 4. HP: 21/21 MP: 8/8
  1589 | D:2      | Found a glowing silver altar of Zin.
  1591 | D:2      | Found a glowing silver altar of Zin.
  1591 | D:2      | Found a shimmering altar of Xom.
  1594 | D:2      | Found a hide-covered altar of Uskayaw.
  1594 | D:2      | Found a bloodstained altar of Trog.
  1594 | D:2      | Found a sacrificial altar of Ru.
  1680 | D:2      | Noticed Natasha
  1902 | D:3      | Reached skill level 1 in Fighting
  1968 | D:3      | Noticed Ijyb
  2329 | D:2      | Killed Natasha
  2329 | D:2      | Reached skill level 2 in Fighting
  2329 | D:2      | Reached XP level 5. HP: 26/26 MP: 9/9
  2445 | D:2      | Noticed Natasha
  2574 | D:3      | Paralysed by Ijyb for 4 turns
  2597 | D:3      | Paralysed by Ijyb for 7 turns
  2638 | D:3      | Noticed Terence
  2650 | D:3      | Killed Terence
  2806 | D:3      | Killed Ijyb
  2806 | D:3      | Reached skill level 2 in Short Blades
  3445 | D:3      | Reached skill level 3 in Fighting
  3445 | D:3      | Reached XP level 6. HP: 26/32 MP: 10/10
  3789 | D:4      | Reached skill level 3 in Short Blades
  3864 | D:4      | Found a stormy altar of Qazlal.
  4001 | D:4      | Reached skill level 5 in Stealth
  4197 | D:4      | Found a bloodstained altar of Trog.
  4424 | D:5      | Entered Level 5 of the Dungeon
  4473 | D:5      | Noticed a sky beast
  4498 | D:5      | Found a sand-covered staircase.
  4504 | Ossuary  | Entered an ossuary
  4710 | Ossuary  | Reached skill level 6 in Dodging
  4962 | Ossuary  | Reached skill level 4 in Short Blades
  4968 | Ossuary  | Reached XP level 7. HP: 23/36 MP: 11/11
  5184 | D:5      | Found a staircase to the Ecumenical Temple.
  5191 | Temple   | Entered the Ecumenical Temple
  5338 | D:5      | Found a basalt altar of Yredelemnul.
  5378 | D:5      | Found a white marble altar of Elyvilon.
  5749 | D:5      | Reached skill level 5 in Short Blades
  6267 | D:5      | Reached skill level 7 in Dodging
  6542 | D:5      | Reached skill level 4 in Fighting
  6768 | D:5      | Reached XP level 8. HP: 42/42 MP: 12/12
  6880 | D:4      | Reached skill level 6 in Stealth
  7026 | D:4      | Reached skill level 8 in Dodging
  7175 | D:4      | Reached skill level 5 in Evocations
  7427 | D:4      | Reached skill level 7 in Stealth
  7641 | D:6      | Reached skill level 6 in Evocations
  7745 | D:6      | Noticed Dowan
  7754 | D:6      | Found a hazy altar of Hepliaklqana.
  7764 | D:6      | Noticed Duvessa
  7772 | D:6      | Killed Duvessa
  7772 | D:6      | Reached skill level 8 in Stealth
  7855 | D:6      | Noticed Grinder
  7857 | D:6      | Killed Grinder
  7857 | D:6      | Reached skill level 5 in Fighting
  7920 | D:6      | Found a sparkling altar of Nemelex Xobeh.
  7928 | D:6      | Became a worshipper of Nemelex Xobeh the Trickster
  8017 | D:6      | Received a gift from Nemelex Xobeh
  8070 | D:6      | Found a sacrificial altar of Ru.
  8159 | D:6      | Killed Dowan
  8159 | D:6      | Reached skill level 9 in Stealth
  8159 | D:6      | Reached XP level 9. HP: 46/47 MP: 15/15
  8315 | D:7      | Found a shadowy altar of Dithmenos.
  8325 | D:7      | Reached * piety under Nemelex Xobeh
  8407 | D:7      | Found a shattered altar of Ashenzari.
  8419 | D:7      | Reached skill level 10 in Stealth
  8497 | D:7      | Received a gift from Nemelex Xobeh
  8691 | D:6      | Paralysed by a crimson imp for 3 turns
  8720 | D:6      | Paralysed by a crimson imp for 2 turns
  9165 | D:6      | Reached skill level 6 in Fighting
  9894 | D:7      | Found a blossoming altar of Fedhas.
 10058 | D:8      | Noticed Maurice
 10058 | D:8      | Noticed Joseph
 10076 | D:8      | Killed Joseph
 10076 | D:8      | Reached skill level 7 in Fighting
 10246 | D:8      | Noticed Maurice
 10246 | D:8      | Maurice changed into Maurice the centaur
 10247 | D:8      | Killed Maurice the centaur
 10251 | D:8      | Noticed Prince Ribbit
 10269 | D:8      | Killed Prince Ribbit
 10269 | D:8      | Reached skill level 8 in Fighting
 10414 | D:8      | Found an iron altar of Okawaru.
 10465 | D:8      | Received a gift from Nemelex Xobeh
 10501 | D:8      | Reached XP level 10. HP: 39/56 MP: 16/16
 10721 | D:8      | Reached skill level 9 in Dodging
 10786 | D:8      | Reached skill level 6 in Short Blades
 10877 | D:8      | Reached ** piety under Nemelex Xobeh
 11270 | D:8      | Reached skill level 7 in Short Blades
 11483 | D:9      | Noticed a two-headed ogre
 11693 | D:9      | Received a gift from Nemelex Xobeh
 11746 | D:9      | Reached *** piety under Nemelex Xobeh
 11787 | D:9      | Noticed a two-headed ogre
 12186 | D:10     | Entered Level 10 of the Dungeon
 12239 | D:10     | Reached skill level 11 in Stealth
 12352 | D:10     | Noticed a two-headed ogre
 12358 | D:10     | Killed a two-headed ogre
 12358 | D:10     | Reached skill level 12 in Stealth
 12438 | D:10     | Reached skill level 13 in Stealth
 12572 | D:10     | Received a gift from Nemelex Xobeh
 12702 | D:10     | Reached skill level 1 in Armour
 12831 | D:10     | Noticed a two-headed ogre
 12833 | D:10     | Killed a two-headed ogre
 12833 | D:10     | Reached skill level 2 in Armour
 12833 | D:10     | Reached skill level 10 in Dodging
 12909 | D:10     | Reached XP level 11. HP: 43/60 MP: 17/17
 13208 | D:10     | Found a staircase to the Lair.
 13246 | D:10     | Reached skill level 3 in Armour
 13275 | D:10     | Reached skill level 11 in Dodging
 13304 | D:10     | Noticed a two-headed ogre
 13539 | D:11     | Reached skill level 8 in Short Blades
 13703 | D:11     | Reached skill level 1 in Invocations
 13713 | D:11     | Found Tisofa's Armour Shop.
 13765 | D:11     | Reached skill level 2 in Invocations
 13775 | D:11     | Reached skill level 3 in Invocations
 13971 | D:11     | Reached skill level 4 in Invocations
 14093 | D:11     | Bought a +2 robe of positive energy for 191 gold pieces
 14093 | D:11     | Bought the +0 buckler of Chill Winds {rF+ rN+ Int-2 Slay+5} for 513 gold pieces
 14140 | D:11     | Reached skill level 5 in Invocations
 14214 | D:11     | Reached skill level 1 in Shields
 14377 | D:11     | Found Nulucey's Food Shoppe.
 14468 | D:11     | Reached **** piety under Nemelex Xobeh
 14543 | D:11     | Received a gift from Nemelex Xobeh
 14543 | D:11     | Found Eheniudd's Armour Shop.
 14583 | D:11     | Found a staircase to the Orcish Mines.
 14650 | D:11     | Reached skill level 2 in Shields
 14753 | D:10     | Killed a two-headed ogre
 14753 | D:10     | Reached skill level 3 in Shields
 14782 | Lair:1   | Entered Level 1 of the Lair of Beasts
 14806 | Lair:1   | Noticed a seven-headed hydra
 14821 | Lair:1   | Killed a seven-headed hydra
 14821 | Lair:1   | Reached skill level 4 in Shields
 14952 | Lair:1   | Received a gift from Nemelex Xobeh
 14986 | Lair:1   | Reached XP level 12. HP: 57/64 MP: 18/18
 15052 | Lair:1   | Reached skill level 5 in Shields
 15385 | Lair:1   | Received a gift from Nemelex Xobeh
 15634 | Lair:2   | Noticed Sonja
 15651 | Lair:2   | Your ally died
 15651 | Lair:2   | Reached skill level 6 in Shields
 15705 | Lair:2   | Identified 2 potions of resistance
 15772 | Lair:2   | Reached ***** piety under Nemelex Xobeh
 15818 | Lair:2   | Received a gift from Nemelex Xobeh
 15933 | Lair:2   | Noticed a five-headed hydra
 15947 | Lair:2   | Killed a five-headed hydra
 16008 | Lair:2   | Received a gift from Nemelex Xobeh
 16060 | Lair:2   | Reached skill level 7 in Shields
 16179 | Lair:2   | Found a staircase to the Snake Pit.
 16684 | Lair:3   | Received a gift from Nemelex Xobeh
 16838 | Lair:3   | Found a dark tunnel.
 16853 | Volcano  | Entered a volcano
 16890 | Volcano  | Reached skill level 4 in Armour
 17223 | Lair:3   | Found a staircase to the Swamp.
 17266 | Lair:3   | Received a gift from Nemelex Xobeh
 17850 | Lair:4   | Received a gift from Nemelex Xobeh
 18082 | Lair:4   | Reached ****** piety under Nemelex Xobeh
 18177 | Lair:4   | Received a gift from Nemelex Xobeh
 18435 | Lair:5   | Reached skill level 9 in Fighting
 18441 | Lair:5   | Noticed Josephine
 18445 | Lair:5   | Killed Josephine
 18514 | Lair:5   | Received a gift from Nemelex Xobeh
 18546 | Lair:5   | Found a runed door.
 18547 | Lair:5   | Found a viscous altar of Jiyva.
 18547 | Lair:5   | Noticed an azure jelly
 18548 | Lair:5   | Noticed an azure jelly
 18548 | Lair:5   | Noticed an azure jelly
 18550 | Lair:5   | Found a staircase to the Slime Pits.
 18663 | Lair:5   | Received a gift from Nemelex Xobeh
 18689 | Lair:5   | Noticed TheNamelessOne's ghost (journeyman DsFE)
 18715 | Lair:5   | Noticed a five-headed hydra
 18729 | Lair:5   | Killed a five-headed hydra
 18732 | Lair:5   | Reached skill level 10 in Fighting
 18800 | Lair:5   | Killed TheNamelessOne's ghost
 18800 | Lair:5   | Reached XP level 13. HP: 72/72 MP: 19/19
 19269 | Lair:6   | Entered Level 6 of the Lair of Beasts
 19488 | Lair:6   | Reached skill level 6 in Invocations
 19499 | Lair:6   | HP: 3/72 [card of wild magic (30)]
 19663 | Lair:6   | Reached skill level 7 in Invocations
 19837 | Lair:6   | Received a gift from Nemelex Xobeh
 19846 | Lair:6   | Found the tattered robe
 19850 | Lair:6   | Got a tattered robe
 19944 | Lair:5   | Identified the cursed -5 robe of Misfortune {-Cast *Contam *Tele *Drain EV-5 Stlth-- *Curse} (You found it on level 6 of the Lair of Beasts)
 19984 | Lair:5   | Gained mutation: You are weak. (Str -2) [mutagenic glow]
 20066 | Lair:6   | Reached skill level 8 in Invocations
 20457 | Lair:6   | Reached skill level 9 in Invocations
 21190 | Lair:6   | Reached skill level 10 in Invocations
 21227 | Lair:6   | Received a gift from Nemelex Xobeh
 21505 | Lair:6   | Reached skill level 1 in Slings
 21554 | Lair:6   | Reached skill level 2 in Slings
 21680 | Lair:6   | Reached skill level 3 in Slings
 21701 | Lair:6   | Reached skill level 4 in Slings
 22120 | Lair:1   | Not a single spellbook so far
 22205 | D:12     | Reached skill level 5 in Slings
 22391 | D:12     | Reached skill level 6 in Slings
 22704 | D:12     | Received a gift from Nemelex Xobeh
 22918 | D:12     | Reached skill level 7 in Slings
 23236 | D:13     | Reached XP level 14. HP: 42/77 MP: 22/22
 23389 | D:13     | Received a gift from Nemelex Xobeh
 23493 | D:13     | You fall through a shaft!
 23496 | D:14     | Reached skill level 9 in Short Blades
 23515 | D:13     | Received a gift from Nemelex Xobeh
 23725 | D:13     | Noticed Erolcha
 23758 | D:13     | Killed Erolcha
 23960 | D:13     | Found a gate to the Vaults.
 24398 | D:13     | Reached skill level 10 in Short Blades
 24616 | D:14     | Found the +2 cloak of the Thief {+Fog Slay-2 SInv Stlth+}
 24616 | D:14     | Noticed a sphinx
 25172 | D:14     | Reached skill level 12 in Dodging
 25340 | D:13     | Reached skill level 13 in Dodging
 25622 | D:14     | Reached skill level 5 in Armour
 25683 | D:13     | this is taking forever
 25752 | D:14     | Received a gift from Nemelex Xobeh
 25780 | D:14     | Got a slimy whip
 25906 | D:13     | Identified the +9 whip of the Land of Plenty {elec, Str+4} (You found it on level 14 of the Dungeon)
 25939 | D:14     | Reached skill level 7 in Evocations
 25970 | D:14     | Paralysed by a sphinx for 2 turns
 25974 | D:14     | Killed a sphinx
 26021 | D:14     | Reached skill level 8 in Evocations
 26271 | D:15     | Entered Level 15 of the Dungeon
 26293 | D:15     | Found a staircase to the Depths.
 26294 | D:15     | Noticed a fire giant
 26409 | D:15     | Noticed a storm dragon
 26436 | D:15     | Received a gift from Nemelex Xobeh
 26446 | D:15     | Reached skill level 9 in Evocations
 26602 | D:15     | Killed a storm dragon
 26602 | D:15     | Reached skill level 10 in Evocations
 26690 | D:15     | Got an iridescent short sword
 26692 | D:15     | Identified the +5 short sword "Igrit" {pierce, Dex+3} (You found it on level 15 of the Dungeon)
 27001 | D:15     | Received a gift from Nemelex Xobeh
 27039 | D:15     | Reached skill level 11 in Fighting
 27039 | D:15     | Reached XP level 15. HP: 82/82 MP: 23/23
 27466 | D:15     | Killed a fire giant
 27709 | Lair:1   | Cleared all of D, should go do L branches now
 27709 | Lair:1   | Decent defenses so far, bad resistances
 27709 | Lair:1   | Remember to pump evo for the cloak and wands, maybe enchant the sling or wait until a branded rapier
 27818 | Swamp:1  | Entered Level 1 of the Swamp
 27927 | Swamp:1  | Found a glowing silver altar of Zin.
 28583 | Swamp:1  | Reached skill level 12 in Fighting
 29198 | Swamp:2  | Reached skill level 11 in Short Blades
 29290 | Swamp:2  | Noticed a thorn hunter
 29292 | Swamp:2  | Killed a thorn hunter
 29321 | Swamp:2  | Noticed a thorn hunter
 29423 | Swamp:2  | Received a gift from Nemelex Xobeh
 29426 | Swamp:2  | Noticed a thorn hunter
 29451 | Swamp:2  | Killed a thorn hunter
 29451 | Swamp:2  | Reached skill level 12 in Short Blades
 30670 | Swamp:2  | Reached skill level 13 in Short Blades
 30977 | Swamp:3  | Received a gift from Nemelex Xobeh
 31165 | Swamp:3  | Noticed Mara
 31723 | Swamp:3  | Noticed rlgrobin's illusion
 31757 | Swamp:3  | Killed Mara
 31757 | Swamp:3  | Reached skill level 11 in Evocations
 31844 | Swamp:3  | Got a steaming whip
 31845 | Swamp:3  | Identified the +9 whip "Xiopar" {slash, Dex+3} (You found it on level 3 of the Swamp)
 31895 | Swamp:3  | Lost mutation: You are weak. (Str -2) [potion of mutation]
 31895 | Swamp:3  | Gained mutation: Your mind is acute. (Int +2) [potion of mutation]
 31896 | Swamp:3  | Lost mutation: Your mind is acute. (Int +2) [potion of mutation]
 31896 | Swamp:3  | Gained mutation: You have a pair of small horns on your head. [potion of mutation]
 31896 | Swamp:3  | Gained mutation: You are agile. (Dex +2) [potion of mutation]
 31896 | Swamp:3  | Gained mutation: You expend magic power (3 MP) to strengthen your wands. [potion of mutation]
 31896 | Swamp:3  | Gained mutation: Your mind is acute. (Int +2) [potion of mutation]
 31934 | Swamp:4  | Entered Level 4 of the Swamp
 31968 | Swamp:4  | Received a gift from Nemelex Xobeh
 32154 | Swamp:3  | Reached skill level 12 in Evocations
 32367 | Swamp:4  | Reached XP level 16. HP: 82/88 MP: 26/26
 32446 | Swamp:4  | Reached skill level 14 in Stealth
 32725 | Swamp:4  | Received a gift from Nemelex Xobeh
 32730 | Swamp:4  | Noticed a thorn hunter
 33153 | Swamp:4  | Reached skill level 15 in Stealth
 33164 | Swamp:4  | Noticed the 27-headed Lernaean hydra
 33188 | Swamp:4  | Killed the 27-headed Lernaean hydra
 33196 | Swamp:4  | Reached skill level 16 in Stealth
 33468 | Swamp:4  | Got a decaying rune of Zot
 34155 | Lair:1   | Identified a potion of experience
 34155 | Lair:1   | Reached skill level 6 in Armour
 34155 | Lair:1   | Reached XP level 17. HP: 93/93 MP: 27/27
 34226 | Snake:1  | Entered Level 1 of the Snake Pit
 34255 | Snake:1  | Received a gift from Nemelex Xobeh
 34301 | Snake:1  | Reached skill level 17 in Stealth
 34517 | Snake:1  | Received a gift from Nemelex Xobeh
 34567 | Snake:1  | Identified a scarf of resistance (You found it on level 1 of the Snake Pit)
 34942 | Snake:1  | Reached skill level 18 in Stealth
 35103 | Snake:2  | Noticed Aizul
 35111 | Snake:2  | Killed Aizul
 35134 | Snake:2  | Found Isit Nubbo's Jewellery Shoppe.
 35135 | Snake:2  | Found Wotunteqa's Gadget Boutique.
 35135 | Snake:2  | Found Mymit's Gadget Boutique.
 35142 | Snake:2  | Bought a cursed amulet of inaccuracy for 30 gold pieces
 35270 | Snake:2  | Noticed Azrael
 35312 | Snake:2  | Killed Azrael
 35920 | Snake:2  | Reached skill level 13 in Fighting
 35949 | Snake:2  | Noticed Vashnia
 36080 | Snake:3  | Found a hazy altar of Hepliaklqana.
 36114 | Snake:3  | Received a gift from Nemelex Xobeh
 36847 | Snake:4  | Entered Level 4 of the Snake Pit
 36847 | Snake:4  | Found Carreje's Assorted Antiques.
 36855 | Snake:4  | Bought a scroll of teleportation for 93 gold pieces
 36855 | Snake:4  | Bought a potion of curing for 93 gold pieces
 36855 | Snake:4  | Bought a scroll of identify for 62 gold pieces
 36855 | Snake:4  | Bought a potion of curing for 93 gold pieces
 36855 | Snake:4  | Identified a scroll of acquirement
 36859 | Snake:4  | Got a brightly glowing lead ring
 36862 | Snake:4  | Identified the ring "Siolodgha" {*Corrode +Inv MP+9 Str+5} (You acquired it on level 4 of the Snake Pit)
 36881 | Snake:4  | Received a gift from Nemelex Xobeh
 37207 | Snake:4  | Received a gift from Nemelex Xobeh
 37323 | Snake:4  | Reached skill level 13 in Evocations
 37463 | Snake:4  | Reached XP level 18. HP: 90/100 MP: 28/28
 37682 | Snake:4  | Identified the Reference Book on Entrancing Evil
 37723 | Snake:4  | Learned a level 3 spell: Confuse
 37727 | Snake:4  | Learned a level 3 spell: Tukima's Dance
 37959 | Snake:4  | Reached skill level 1 in Spellcasting
 37959 | Snake:4  | Reached skill level 1 in Hexes
 38013 | Snake:4  | Reached skill level 2 in Spellcasting
 38013 | Snake:4  | Reached skill level 2 in Hexes
 38270 | Snake:4  | Reached skill level 3 in Spellcasting
 38270 | Snake:4  | Reached skill level 3 in Hexes
 38345 | Snake:4  | Reached skill level 4 in Spellcasting
 38345 | Snake:4  | Reached skill level 4 in Hexes
 38356 | Snake:4  | Shot with a bolt by a naga sharpshooter

Vanquished Creatures
  2 thorn hunters (Swamp:2)
  2 nagarajas (Snake:4)
  A fire giant (D:15)
  Aizul (Snake:2)
  Azrael (Snake:2)
  A yaktaur captain (D:14)
  Josephine (Lair:5)
  Erolcha (D:13)
  A rakshasa (D:15)
  10 hydras
  A merfolk avatar (Lair:6)
  9 naga warriors
  A catoblepas (Lair:6)
  3 ghost crabs (Swamp:4)
  6 anacondas
  2 centaur warriors
  5 two-headed ogres
  A death knight (D:14)
  7 alligators
  2 tengu warriors
  6 naga sharpshooters
  7 shock serpents
  Sonja (Lair:2)
  A fire crab (shapeshifter) (D:13)
  2 unseen horrors (D:15)
  4 naga ritualists
  4 swamp dragons
  6 spriggan druids
  2 shambling mangroves
  5 mana vipers
  A wolf spider zombie (D:13)
  3 cyclopes
  6 salamanders
  14 ugly things
  4 manticores
  2 centaur zombies
  A guardian serpent (Snake:3)
  25 black mambas
  Joseph (D:8)
  A molten gargoyle (Volcano)
  2 elephants (Lair:6)
  3 gargoyles
  7 naga magi
  18 spiny frogs
  4 rime drakes (Lair:6)
  5 freezing wraiths
  2 yaktaurs
  10 komodo dragons
  3 trolls
  Grinder (D:6)
  Prince Ribbit (D:8)
  7 polar bears
  2 tengu conjurers (D:14)
  4 tyrant leeches
  7 bog bodies
  10 hornets
  14 hippogriffs
  8 dream sheep (Lair:6)
  14 slime creatures
  5 blink frogs
  2 shadows
  12 spriggans
  20 yaks
  3 wyverns
  3 basilisks
  5 wraiths
  31 vampire mosquitoes
  2 hungry ghosts
  A steam dragon (D:7)
  26 nagas
  13 swamp worms
  2 soldier ants
  An acid dragon (Lair:3)
  9 water moccasins
  Duvessa (D:6)
  2 hell hounds (Snake:2)
  3 porcupines
  4 orc warriors
  6 sky beasts
  9 swamp drakes
  4 ice beasts
  A necrophage (D:15)
  An eye of draining (D:11)
  A black bear (Lair:2)
  4 phantoms
  7 ogres
  10 centaurs
  8 crocodiles
  A big kobold (D:11)
  19 bullfrogs
  Dowan (D:6)
  A wyvern skeleton (D:11)
  A scorpion (D:4)
  A killer bee (D:7)
  6 wights
  2 electric eels (Lair:6)
  3 howler monkeys
  5 crimson imps
  5 hounds
  3 quasits
  A bullfrog zombie (D:2)
  6 jellies
  9 centaur skeletons
  A gnoll shaman (D:7)
  6 orc priests
  6 orc wizards
  Ijyb (D:3)
  A bullfrog skeleton (D:5)
  6 iguanas
  Terence (D:3)
  Natasha (D:2)
  7 worker ants
  A big kobold zombie (Ossuary)
  2 hound zombies (D:7)
  3 hound skeletons
  8 mummies (Ossuary)
  22 gnolls
  2 howler monkey skeletons
  7 adders
  8 river rats
  4 shadow imps
  6 oozes
  A dart slug (D:1)
  A leopard gecko (D:2)
  43 orcs
  9 giant cockroaches
  6 goblins
  8 hobgoblins
  8 jackals
  13 kobolds
  4 quokkas
  4 bats
  2 frilled lizards
  3 gnoll zombies
  A hobgoblin zombie (Ossuary)
  3 kobold zombies (Ossuary)
  2 orc zombies (Ossuary)
  15 rats
  2 plants (Lair:5)
754 creatures vanquished.

Vanquished Creatures (collateral kills)
  Mara (Swamp:3)
  the Lernaean hydra (Swamp:4)
  A storm dragon (D:15)
  A sphinx (D:14)
  A nagaraja (Snake:2)
  The ghost of TheNamelessOne the Thaumaturge, a journeyman DsFE of Vehumet (Lair:5)
  7 hydras
  An ice dragon (D:13)
  A centaur warrior (D:15)
  A death knight (D:13)
  An anaconda (Snake:1)
  A tengu warrior (D:15)
  An alligator (Swamp:2)
  A deep troll earth mage (D:14)
  3 naga sharpshooters
  A shock serpent (Snake:4)
  A naga ritualist (Snake:4)
  A sea snake (Lair:6)
  4 swamp dragons
  3 mana vipers
  2 manticores
  2 salamanders
  2 ugly things (D:14)
  2 cyclopes
  A cyclops (shapeshifter) (D:13)
  2 centaur zombies
  3 black mambas
  4 spiny frogs
  2 centaur skeletons
  2 yaktaurs (D:15)
  A komodo dragon (Lair:6)
  2 tengu conjurers
  4 hornets
  A tyrant leech (Swamp:2)
  4 slime creatures
  2 polar bears
  A dream sheep (shapeshifter) (D:13)
  2 dream sheep (Lair:6)
  3 hippogriffs
  A shadow (Swamp:2)
  3 spriggans
  A wraith (D:13)
  A spriggan (shapeshifter) (D:13)
  A vampire (D:14)
  2 fire elementals
  13 yaks
  5 nagas
  3 swamp worms
  An acid dragon (D:15)
  2 water moccasins
  A hell hound (Snake:2)
  A porcupine (Lair:2)
  2 orc warriors
  2 sky beasts
  A swamp drake (Swamp:4)
  3 wolves (Lair:2)
  2 centaurs
  A scorpion (shapeshifter) (D:15)
  7 wights
  A crimson imp (D:14)
  An orc wizard (D:12)
  A gnoll (D:3)
  An adder (D:12)
  An ooze (D:2)
  A dart slug (D:1)
  7 orcs
  2 goblins (D:1)
  2 kobolds (D:1)
  A quokka (D:11)
146 creatures vanquished.

Vanquished Creatures (others)
  2 hydras (Swamp:4)
  3 swamp dragons (Swamp:4)
  A spiny frog (Swamp:4)
  A black mamba (Lair:6)
  A rime drake (Lair:6)
  A freezing wraith (D:13)
  A tyrant leech (Swamp:4)
  2 wyverns
  3 yaks
  A wraith (D:14)
  A naga (Lair:2)
  2 water moccasins (Lair:6)
  7 wights
  2 howler monkeys (D:10)
  A gnoll (D:3)
  An adder (D:12)
  5 ball lightnings
  A frilled lizard (D:7)
  10 fungi
  32 plants
78 creatures vanquished.

Grand Total: 978 creatures vanquished
